Map: Moonlight Madness LE (Void)

Players

SteveHolt

  • Race: Protoss Protoss
  • League: Grandmaster

wabbajack - Winner!

  • Race: Zerg Zerg
  • League: Gold

VOD

Have the link to the VOD?

Description

Time

  • Played on: July 16, 2015, 8:14 p.m.
  • Length: 6:47
Show
View Real Time Build Order
Export as new Build Order

SteveHolt Protoss 

Build Orders:  

Get SALT Encoding   

  12  0:01  Probe  
  13  0:14  Pylon  
  13  0:17  Probe  
  14  0:33  Probe (Chrono Boost)  
  15  0:40  Gateway  
  16  0:43  Probe (Chrono Boost)  
  16  0:50  Probe  
  16  0:53  Assimilator  
  17  1:02  Probe  
  18  1:14  Probe  
  19  1:26  Probe (Chrono Boost)  
  19  1:27  Pylon  
  19  1:29  Cybernetics Core  
  19  1:30  Zealot  
  22  1:38  Assimilator  
  22  1:46  Probe (Chrono Boost)  
  23  1:55  Probe  
  24  2:07  Warp Gate (Chrono Boost)  
  24  2:10  Mothership Core  
  26  2:19  Stalker  
  28  2:24  Pylon  
  28  2:40  Probe  
  29  2:49  Sentry  
  29  2:51  Nexus  
  31  2:52  Probe  
  31  2:54  Pylon  
  31  2:58  Pylon  
  31  3:04  Assimilator  
  31  3:13  Robotics Facility  
  31  3:28  Assimilator  
  31  3:34  Pylon  
  31  3:46  Probe (Chrono Boost)  
  32  3:58  Probe (Chrono Boost)  
  32  4:00  Stalker  
  35  4:05  Probe (Chrono Boost)  
  35  4:06  Gateway  
  36  4:13  Observer (Chrono Boost), Pylon  
  36  4:16  Probe x2  
  39  4:28  Probe (Chrono Boost)  
  41  4:32  Probe (Chrono Boost)  
  42  4:40  Probe (Chrono Boost)  
  42  4:42  Gateway  
  42  4:43  Probe (Chrono Boost)  
  43  4:46  Probe (Chrono Boost)  
  43  4:52  Probe  
  45  5:04  Gateway  
  45  5:09  Zealot  
  47  5:21  Stalker  
  47  5:25  Immortal  
  46  5:41  Sentry  
  27  5:50  Zealot  
  15  6:13  Zealot x2  
Show
View Real Time Build Order
Export as new Build Order

wabbajack Zerg - Winner!

Build Orders: Hatch First 

Get SALT Encoding   

  12  0:01  Drone  
  13  0:12  Overlord  
  13  0:18  Drone  
  13  0:21  Extractor  
  13  0:24  Drone  
  15  0:32  Drone  
  16  0:36  Drone  
  17  0:55  Hatchery  
  16  0:58  Drone  
  16  1:01  Drone, Extractor  
  17  1:16  Spawning Pool  
  16  1:18  Drone  
  16  1:22  Drone  
  18  1:30  Drone  
  19  1:39  Overlord  
  19  1:57  Drone  
  20  2:02  Drone  
  20  2:04  Queen  
  20  2:05  Metabolic Boost  
  20  2:07  Queen  
  25  2:12  Drone  
  25  2:15  Drone  
  27  2:28  Zergling x2  
  27  2:29  Drone x2  
  30  2:38  Roach Warren  
  30  2:43  Pneumatized Carapace  
  29  2:48  Drone x2, Extractor  
  30  3:04  Overlord x2  
  30  3:10  Baneling Nest  
  29  3:21  Drone  
  29  3:23  Drone  
  29  3:26  Drone  
  29  3:27  Drone  
  32  3:28  Drone x2  
  34  3:35  Zergling x6  
  34  3:38  Zergling x6  
  40  3:51  Overlord  
  40  3:52  Roach  
  40  3:53  Roach x3  
  48  4:00  Roach x2  
  52  4:03  Overlord  
  52  4:15  Roach  
  52  4:16  Roach x3  
  60  4:20  Baneling x2  
  60  4:24  Baneling x2  
  60  5:04  Overlord x2  
  60  5:05  Zergling x8  
  60  5:06  Zergling x8  
  68  5:13  Overlord x2  
  68  5:32  Hatchery  
  66  5:40  Ravager  
  51  6:09  Queen  
  51  6:11  Zergling x12  
  55  6:13  Zergling x2  
  55  6:14  Zergling x6  
  55  6:15  Zergling x10  
Tags
 
Add a new tag
Caveats
  • Supply blocks, unpowered buildings, or Contaminate may cause inaccurate times.
  • Supply counts are checked every 10 seconds.